Map: Disco Bloodbath LE

Players

Mez

  • Race: Terran Terran
  • League: Master
  • Spawn Location: 3:00

Truze - Winner!

  • Race: Zerg Zerg
  • League: Diamond
  • Spawn Location: 9:00

VOD

Have the link to the VOD?

Description

Time

  • Played on: Sept. 6, 2019, 2:26 a.m.
  • Length: 22:38
Show
View Real Time Build Order
Export as new Build Order

Mez Terran 

Build Orders: Liberator Opening, Reaper Expand 

Get SALT Encoding   

  12  0:00  SCV  
  13  0:13  SCV  
  14  0:17  Supply Depot  
  14  0:25  SCV  
  15  0:39  SCV  
  15  0:40  Barracks  
  16  0:44  Refinery  
  16  0:51  SCV  
  17  1:03  SCV  
  18  1:15  SCV  
  19  1:28  Reaper  
  19  1:29  Orbital Command  
  20  1:41  Command Center  
  20  1:48  Supply Depot  
  20  1:55  SCV  
  20  2:00  Marine  
  22  2:07  SCV  
  23  2:11  Factory  
  23  2:15  Refinery  
  23  2:19  SCV  
  23  2:22  Barracks Reactor  
  24  2:40  SCV  
  25  2:53  SCV  
  25  2:54  Orbital Command  
  26  2:59  Starport  
  26  3:11  Hellion x2  
  30  3:18  SCV  
  31  3:22  Liberator  
  31  3:26  SCV  
  32  3:30  SCV  
  32  3:31  Supply Depot  
  33  3:38  SCV, Barracks Tech Lab  
  33  3:40  Hellion x2  
  41  3:42  SCV  
  41  3:50  SCV  
  41  3:54  SCV  
  43  4:02  SCV, Hellion x2  
  48  4:03  Supply Depot  
  48  4:06  SCV  
  48  4:09  Marine  
  50  4:14  SCV  
  51  4:19  SCV  
  52  4:26  Command Center, SCV  
  53  4:33  SCV  
  53  4:36  Barracks  
  54  4:38  SCV  
  54  4:39  Barracks, Supply Depot  
  54  4:42  Starport Reactor  
  54  4:43  Factory Tech Lab  
  54  4:44  Stimpack  
  55  4:47  SCV  
  55  4:50  SCV  
  57  4:58  Marine  
  58  5:01  Engineering Bay  
  58  5:03  Engineering Bay  
  58  5:13  SCV x2  
  60  5:18  Refinery  
  60  5:19  Refinery  
  60  5:25  Siege Tank  
  60  5:26  Marine x2  
  65  5:28  Marine  
  65  5:30  SCV  
  65  5:31  Starport Reactor, Terran Infantry Armor Level 1, Terran Infantry Weapons Level 1  
  67  5:41  Marine x2, Orbital Command  
  69  5:44  Marine x2  
  69  5:48  Marine  
  72  5:50  Barracks  
  72  5:51  Barracks  
  72  5:52  SCV x2  
  74  5:59  Marine x2  
  74  6:01  Marine  
  72  6:17  SCV x2  
  68  6:22  Marine x5  
  68  6:23  Siege Tank, Medivac x2  
  68  6:24  SCV  
  77  6:29  SCV x2  
  79  6:33  Combat Shield  
  79  6:37  Orbital Command  
  79  6:39  Marine, Barracks Reactor x2  
  79  6:40  Marine x2  
  79  6:44  Supply Depot  
  79  6:45  Marine x2  
  79  6:47  SCV, Armory  
  84  6:53  Supply Depot x2  
  84  6:54  Supply Depot  
  85  6:55  SCV  
  85  6:57  Marine  
  85  6:58  Marine x2  
  85  7:00  SCV  
  90  7:02  SCV  
  90  7:07  SCV  
  92  7:12  Marine x2, SCV  
  92  7:14  SCV  
  96  7:19  SCV  
  96  7:20  Marine x7  
  104  7:24  Siege Tank, SCV  
  104  7:26  SCV  
  104  7:29  Marine  
  109  7:30  Marine  
  109  7:31  Medivac x2, Supply Depot  
  109  7:32  SCV  
  109  7:33  Supply Depot x2  
  109  7:36  SCV  
  117  7:37  Marine  
  117  7:38  Marine x2, SCV  
  117  7:39  Terran Infantry Weapons Level 2  
  117  7:44  SCV  
  122  7:52  Marine x6  
  122  7:55  Marine x2  
  117  8:07  Marine  
  117  8:08  Siege Tank  
  117  8:10  Marine x2  
  123  8:21  Marine x4  
  123  8:22  Medivac x2  
  123  8:23  Terran Infantry Armor Level 2, SCV x2  
  133  8:35  Marine x5  
  133  8:39  Marine x2  
  133  8:40  Marine x2, Siege Tank  
  145  8:43  Terran Vehicle Weapons Level 1  
  145  8:44  Factory  
  145  8:48  Command Center, Barracks  
  145  8:50  Barracks x2, Refinery  
  145  8:51  Refinery  
  145  8:53  Marine  
  145  8:54  Supply Depot  
  145  8:55  Supply Depot  
  146  8:59  Supply Depot  
  146  9:01  Supply Depot x3  
  133  9:33  Factory Tech Lab  
  133  9:34  Marine x9, Thor  
  133  9:36  Missile Turret  
  143  9:40  Missile Turret  
  143  9:43  Liberator x2  
  143  9:49  Missile Turret  
  143  9:52  Marine x3  
  144  9:56  Marine x2, Siege Tank  
  144  9:57  Marine x3  
  144  9:58  Barracks Tech Lab x3  
  155  10:15  Marine x4  
  151  10:34  Marine x5  
  151  10:35  Marine x3, Marauder x2  
  123  10:36  Marauder x2  
  123  10:40  Siege Tank  
  119  10:43  Medivac x2  
  121  10:51  Missile Turret  
  121  10:57  Marauder  
  123  11:07  Marine  
  123  11:08  Marine x6, Marauder  
  125  11:12  Marine x3, Medivac  
  125  11:13  Medivac  
  125  11:17  Marine  
  131  11:25  Marine, Thor x2  
  134  11:33  Planetary Fortress  
  134  11:35  Missile Turret  
  134  11:36  SCV x3  
  134  11:37  Refinery  
  137  11:42  Liberator  
  137  11:43  Liberator, Marauder  
  137  11:44  Marine, Marauder x2  
  150  12:06  Fusion Core, Starport x2  
  150  12:08  Terran Infantry Weapons Level 3  
  150  12:14  Siege Tank  
  150  12:25  Command Center  
  150  12:26  Command Center  
  150  12:29  Siege Tank  
  153  12:48  Cyclone  
  99  12:59  Marine x3  
  99  13:01  Siege Tank  
  97  13:09  Marine x9  
  96  13:16  Marine  
  96  13:17  Marine x2  
  88  13:20  Siege Tank  
  88  13:27  Marine x9  
  83  13:33  Thor  
  98  13:34  Marine  
  98  13:35  Marine x2  
  101  13:42  Terran Infantry Armor Level 3  
  101  13:44  Marine, Starport Reactor, Starport Tech Lab  
  101  13:45  Marine  
  101  13:49  Marine x7  
  101  13:52  Marine x2  
  101  13:55  Command Center  
  110  13:59  Command Center, Siege Tank  
  113  14:12  SCV  
  113  14:13  SCV x2  
  113  14:16  Siege Tank  
  119  14:24  SCV  
  119  14:28  Marine, Marauder x2  
  119  14:29  Marine x5, Marauder  
  132  14:31  Siege Tank  
  135  14:48  Siege Tank, Supply Depot  
  135  14:50  Supply Depot  
  147  15:00  Medivac x3  
  147  15:01  Medivac x2  
  147  15:04  Marine x3, Marauder x3  
  147  15:05  Marine x4  
  161  15:11  Orbital Command  
  159  15:35  Orbital Command  
  159  15:45  Marine x3  
  159  15:46  Supply Depot  
  162  15:55  Marine x7, Missile Turret  
  162  15:56  Refinery  
  169  16:02  Refinery  
  168  16:07  Liberator x3  
  168  16:09  Refinery  
  168  16:12  Siege Tank x2  
  183  16:40  Command Center  
  183  16:50  Liberator  
  183  16:51  Liberator x4  
  183  17:00  Orbital Command  
  162  17:05  Siege Tank x2  
  177  17:15  Marine x8  
  183  17:16  Marine x2  
  187  17:22  Barracks  
  187  17:23  Barracks  
  187  17:26  Barracks  
  187  17:34  Advanced Ballistics  
  187  17:51  Viking x4, Refinery  
  191  17:52  Refinery  
  195  18:13  Marauder  
  197  18:22  Barracks Tech Lab  
  197  18:23  Barracks Tech Lab  
  197  18:25  Barracks Reactor  
  197  18:27  Liberator x4  
  197  18:28  Viking  
  184  19:16  Command Center  
  184  19:29  Liberator  
  122  19:47  Marine, Viking x4  
  122  19:48  Marine x6  
  122  19:51  Siege Tank x2  
  122  20:08  Command Center  
  122  20:16  Viking  
  122  20:17  Viking x2  
  128  20:22  Ghost Academy  
  128  20:33  Command Center  
  128  20:36  Thor x2  
  128  20:37  Marine x12  
  152  21:02  Sensor Tower  
  152  21:10  Viking  
  152  21:11  Viking x4  
  170  21:16  Sensor Tower  
  168  21:23  Sensor Tower  
  168  21:36  Unknown  
  168  21:37  Unknown x3  
  160  21:53  Cyclone x2  
  132  21:57  Marine  
  132  21:58  Marine x3  
  100  22:05  Unknown  
Show
View Real Time Build Order
Export as new Build Order

Truze Zerg - Winner!

Build Orders: Hatch First, Muta Ling Bane 

Get SALT Encoding   

  12  0:01  Drone  
  13  0:12  Overlord  
  13  0:16  Drone  
  14  0:31  Drone x2  
  16  0:48  Hatchery  
  15  0:51  Drone  
  15  0:54  Drone  
  17  0:57  Drone  
  18  1:08  Extractor  
  17  1:12  Spawning Pool  
  17  1:16  Drone  
  17  1:20  Drone  
  18  1:28  Drone  
  19  1:39  Drone  
  20  1:50  Overlord  
  20  1:59  Queen x2  
  20  2:00  Zergling x4  
  26  2:09  Metabolic Boost  
  26  2:12  Zergling x2  
  26  2:13  Drone  
  28  2:25  Drone x2  
  30  2:42  Queen  
  30  2:43  Overlord  
  32  2:45  Drone x2  
  32  2:46  Drone  
  35  2:51  Pneumatized Carapace  
  35  3:12  Hatchery  
  33  3:14  Drone x2  
  33  3:17  Drone  
  33  3:18  Drone  
  37  3:25  Drone x2  
  38  3:31  Drone  
  38  3:32  Overlord  
  39  3:40  Drone x3  
  42  3:51  Overlord  
  42  3:52  Drone x5  
  42  3:53  Drone x2  
  49  4:02  Drone  
  50  4:04  Extractor  
  50  4:05  Overlord  
  50  4:06  Extractor  
  48  4:13  Zergling x4  
  50  4:19  Queen  
  52  4:35  Drone x3  
  52  4:36  Drone  
  52  4:37  Extractor  
  52  4:38  Overlord  
  55  4:42  Drone  
  55  4:43  Drone  
  55  4:45  Evolution Chamber  
  56  4:46  Spore Crawler, Evolution Chamber  
  56  4:47  Spore Crawler, Drone  
  56  4:48  Zergling x2, Drone  
  56  4:49  Zergling x4  
  56  4:51  Queen  
  59  5:04  Zergling x4  
  59  5:05  Zergling x12  
  67  5:28  Lair  
  67  5:29  Zerg Ground Armor Level 1, Zerg Melee Weapons Level 1  
  67  5:35  Drone  
  67  5:36  Drone x2  
  67  5:38  Baneling Nest  
  67  5:39  Overlord  
  69  5:49  Drone x10  
  77  6:08  Drone  
  77  6:11  Drone x6  
  81  6:15  Drone  
  79  6:21  Drone x5  
  83  6:27  Drone  
  83  6:30  Extractor  
  83  6:35  Centrifical Hooks, Overseer  
  83  6:38  Spire, Drone x3  
  85  6:40  Extractor  
  85  6:42  Hatchery  
  83  6:48  Drone x3  
  86  7:03  Hatchery  
  85  7:12  Zergling x2  
  85  7:13  Zergling x10  
  85  7:15  Overlord x2  
  90  7:24  Baneling  
  90  7:25  Baneling x6  
  90  7:29  Overlord x2  
  90  7:35  Zergling x18  
  99  7:40  Zergling x6  
  99  7:41  Zergling x6  
  105  7:47  Overlord  
  105  7:49  Zergling x2  
  80  8:06  Zergling x2  
  80  8:07  Zergling x16  
  86  8:14  Baneling x3  
  86  8:15  Baneling  
  86  8:19  Zergling x6  
  91  8:20  Zergling x16  
  91  8:26  Zergling x6  
  95  8:27  Zerg Melee Weapons Level 2, Zerg Ground Armor Level 2  
  95  8:28  Queen  
  95  8:32  Drone x2  
  95  8:33  Drone x3  
  102  8:40  Overlord  
  102  8:41  Overseer  
  102  8:42  Mutalisk x4  
  110  9:00  Drone x2  
  112  9:03  Extractor  
  112  9:04  Extractor  
  112  9:05  Mutalisk x6, Infestation Pit  
  112  9:06  Mutalisk x2  
  112  9:07  Mutalisk x2  
  112  9:08  Mutalisk x2  
  133  9:10  Mutalisk x2  
  133  9:12  Mutalisk  
  133  9:13  Mutalisk  
  141  9:20  Overlord x2  
  141  9:22  Zergling x2  
  142  9:38  Overlord  
  142  9:41  Hive  
  142  9:44  Drone x4  
  146  9:46  Baneling x14  
  146  9:47  Zergling x2  
  146  9:48  Zergling x6  
  150  9:56  Overseer  
  150  10:03  Zergling x16  
  158  10:19  Overlord x3  
  150  10:31  Zergling x18  
  135  10:36  Zergling x16  
  142  10:46  Overlord x2  
  142  10:47  Zergling x2  
  142  10:48  Zergling x4  
  145  10:51  Baneling x10  
  145  10:52  Baneling  
  145  11:00  Zergling x10  
  145  11:01  Zergling x2  
  145  11:03  Hatchery  
  150  11:09  Zergling x2  
  150  11:10  Zergling x6  
  152  11:23  Spore Crawler  
  134  11:37  Queen  
  136  11:42  Drone x3  
  136  11:43  Drone x3  
  136  11:44  Drone x3  
  136  11:45  Drone  
  146  12:02  Zergling x26  
  159  12:13  Adrenal Glands  
  159  12:14  Zerg Ground Armor Level 3, Zerg Melee Weapons Level 3  
  159  12:18  Zergling x6  
  159  12:19  Zergling x14  
  159  12:21  Baneling x6  
  169  12:28  Overlord x3  
  169  12:29  Overlord  
  169  12:37  Overlord x2  
  169  12:38  Zergling x12  
  169  12:39  Zergling x12  
  153  12:55  Zergling x14  
  151  12:58  Zergling x4  
  151  12:59  Zergling x4  
  147  13:08  Zergling x22  
  135  13:20  Zergling x2  
  135  13:21  Zergling x14  
  132  13:31  Baneling x8  
  132  13:32  Baneling  
  132  13:35  Baneling x8  
  132  13:40  Zergling x20  
  132  13:41  Zergling x8  
  146  13:50  Zerg Flyer Weapons Level 1  
  144  14:22  Mutalisk x12  
  144  14:23  Mutalisk x3  
  144  14:24  Mutalisk  
  174  14:28  Mutalisk x2  
  180  14:52  Hatchery  
  179  15:00  Drone  
  179  15:01  Spire  
  174  15:48  Greater Spire  
  172  16:12  Viper  
  172  16:13  Viper x2  
  172  16:17  Drone  
  172  16:18  Drone  
  183  16:19  Zerg Flyer Weapons Level 2, Evolution Chamber  
  183  16:20  Evolution Chamber  
  181  16:33  Spore Crawler, Spine Crawler  
  181  16:34  Drone x3  
  181  16:35  Spine Crawler  
  181  16:37  Spore Crawler  
  151  17:14  Corruptor x9  
  151  17:15  Corruptor x3  
  175  17:28  Extractor, Drone x2  
  175  17:29  Extractor  
  175  17:51  Brood Lord x4  
  179  17:52  Brood Lord x6  
  179  17:54  Brood Lord x2  
  199  18:02  Baneling x8  
  199  18:03  Baneling x11  
  199  18:07  Baneling x5  
  199  18:08  Baneling x12  
  186  18:45  Drone x5  
  186  18:46  Drone  
  167  19:31  Viper x2  
  167  19:32  Viper  
  171  19:43  Corruptor x6  
  171  19:44  Corruptor x10  
  170  20:07  Extractor x2, Drone x2  
  169  20:21  Zerg Flyer Armor Level 1  
  169  20:38  Queen x2  
  169  20:39  Queen  
  173  20:58  Hatchery  
  173  21:01  Corruptor x2  
  173  21:02  Corruptor x5  
  173  21:03  Corruptor  
  188  21:36  Zergling x22  
Tags
 
Add a new tag
Caveats
  • Supply blocks, unpowered buildings, or Contaminate may cause inaccurate times.
  • Supply counts are checked every 10 seconds.